 Dungeon Crawl Stone Soup version 0.22.1-6-g1668fe2 (webtiles) character file.

107 Gingerlord the Charlatan (level 5, 0/34 HPs)
             Began as a Halfling Artificer on Jan 26, 2019.
             Succumbed to a goblin's poison
             ... on level 3 of the Dungeon.
             The game lasted 00:02:52 (1664 turns).

Gingerlord the Charlatan (Halfling Artificer)       Turns: 1664, Time: 00:02:53

Health: 0/34       AC:  5    Str: 19    XL:     5   Next: 10%
Magic:  7/7        EV: 14    Int:  9    God:
Gold:   75         SH:  0    Dex: 15    Spells: 4/4 levels left

rFire    . . .     SeeInvis .   a - +0 short sword
rCold    . . .     Gourm    .   (shield restricted)
rNeg     . . .     Faith    .   i - +0 ring mail
rPois    .         Spirit   .   (no helmet)
rElec    .         Reflect  .   (no cloak)
rCorr    .         Harm     .   (no gloves)
MR       .....                  (no boots)
Stlth    +.........             j - amulet of the acrobat
HPRegen  0.11/turn              (no ring)
MPRegen  0.10/turn              (no ring)

@: mighty, lethally poisoned (0 -> -43)
A: small, mutation resistance 1
a: no special abilities


You were on level 3 of the Dungeon.
You were hungry.

You visited 1 branch of the dungeon, and saw 3 of its levels.

You collected 75 gold pieces.

Inventory:

Hand Weapons
 a - a +0 short sword (weapon)
Armour
 i - a +0 ring mail (worn)
Jewellery
 j - an amulet of the acrobat (around neck)
Wands
 c - a wand of flame (5)
 d - a wand of enslavement (15)
 e - a wand of random effects (34)
Scrolls
 b - a scroll of amnesia {unknown}
 g - a scroll of identify {unknown}
 k - a scroll of enchant weapon {unknown}
 n - a scroll of random uselessness {unknown}
Potions
 m - a potion of invisibility
Comestibles
 f - 3 rations


   Skills:
 + Level 1.8 Fighting
 + Level 2.5 Short Blades
 + Level 1.8 Armour
 + Level 3.0 Dodging
 - Level 1.1 Stealth
 + Level 3.6 Evocations


You had 4 spell levels left.
You didn't know any spells.
Your spell library was empty.

Dungeon Overview and Level Annotations

Branches:
Dungeon (3/15)

Altars:
Gozag
Xom

Annotations:
D:2 Sigmund
D:3 Grinder


Innate Abilities, Weirdness & Mutations

You are small and have problems with some larger weapons.
You are somewhat resistant to further mutation.


Message History

* * * LOW HITPOINT WARNING * * *
You feel sick.
A goblin comes into view. It is wielding a club.
The goblin hits you with a dagger of venom.
* * * LOW HITPOINT WARNING * * *
You are more poisoned.
Robin roars a battlecry!
The goblin goes into a battle-frenzy!
It was a potion of might.
You feel very mighty all of a sudden.
* * * LOW HITPOINT WARNING * * *
You feel very sick. The goblin hits you but does no damage.
You are more poisoned.
Okay, then.
You hit Robin.
You kill Robin!
You have reached level 5!
You feel agile.
You die...

#..g((.†..(.#
#§#########.#######....
#. #......).....#. .5
#..#######.... #g.
####..##### #...# .#.
#.........###...## ..._
#.##........)..... ###.
#g##..###..##...##
#@##.......##.)...
#)##..............
#g##..###.###...##
#g##..# #.# #...#
#g##..###.# #.(.##
g.........###.....
####........((..##
##.#######.### #.# #.#


You could see 2 hobgoblins and 3 goblins.

Vanquished Creatures
  Jessica (D:3)
  Robin (D:3)
  2 adders (D:3)
  2 worms (D:3)
  A dart slug (D:3)
  2 leopard geckos
  An orc (D:3)
  2 bats (D:3)
  3 giant cockroaches (D:1)
  4 goblins
  6 hobgoblins
  4 jackals (D:3)
  A quokka (D:3)
  2 frilled lizards
  5 kobolds
  4 rats
41 creatures vanquished.

Notes
Turn   | Place    | Note
-------+----------+-------------------------------------------
     0 | D:1      | Gingerlord the Halfling Artificer began the quest for the
                  | Orb.
     0 | D:1      | Reached XP level 1. HP: 12/12 MP: 3/3
    51 | D:1      | Reached skill level 1 in Fighting
   142 | D:1      | Reached XP level 2. HP: 17/18 MP: 4/4
   886 | D:2      | Noticed Sigmund
   913 | D:3      | Reached XP level 3. HP: 20/23 MP: 5/5
   919 | D:3      | Reached skill level 1 in Armour
   987 | D:3      | Found a shimmering altar of Xom.
  1142 | D:3      | Noticed Jessica
  1165 | D:3      | Killed Jessica
  1165 | D:3      | Reached XP level 4. HP: 8/28 MP: 6/6
  1630 | D:3      | Found an opulent altar of Gozag.
  1630 | D:3      | Noticed Grinder
  1644 | D:3      | Noticed Robin
  1664 | D:3      | Killed Robin
  1664 | D:3      | Reached XP level 5. HP: 3/34 MP: 7/7
  1664 | D:3      | Succumbed to a goblin's poison

Skill      XL: |  1  2  3  4 |
---------------+-------------+-----
Fighting       | 1 |  1.8
Armour         | 1 |  1.8
Short Blades   | 2 |  2.5
Dodging        | 3 |  3.0
Stealth        | |  1.1
Evocations     | |  3.6

Action                   |  1- 3 |  4- 6 || total
-------------------------+-------+-------++-------
Melee: Short sword       |   122 |    67 ||   189
Evoke: Wand              |     9 |     3 ||    12
  Use: Potion            |       |     1 ||     1
  Eat: Chunk             |     1 |     1 ||     2
Armor: Ring mail         |    43 |    15 ||    58
Dodge: Dodged            |    96 |    62 ||   158
